 Dungeon Crawl Stone Soup version 0.31-a0-795-g5eb97db20b (webtiles) character file.

Game seed: 17808661045272719423

5072 tilp the Covert (level 10, -3/76 HPs)
             Began as a Vampire Enchanter on Sept 18, 2023.
             Was a Follower of Wu Jian.
             Slain by an orc warrior
             ... wielding a +0 halberd
              (12 damage)
             ... on level 8 of the Dungeon.
             The game lasted 00:14:51 (8020 turns).

tilp the Covert (Vampire Enchanter)                 Turns: 8020, Time: 00:14:51

Health: -3/76      AC: 10    Str:  7    XL:     10   Next: 31%
Magic:  2/17       EV: 13    Int: 22    God:    Wu Jian [*.....]
Gold:   55         SH:  0    Dex: 15    Spells: 8/19 levels left

rFire   + + .        a - +1 dagger (elec)
rCold   . . .        (no shield)
rNeg    . . .        w - +3 leather armour {rF+}
rPois   .            f - +2 helmet
rElec   .            G - +0 cloak
rCorr   .            (no gloves)
SInv    +            (no boots)
Will    +....        (no amulet)
Stlth   ++++         s - ring of protection from fire
HPRegen 0.52/turn    (no ring)
MPRegen 0.15/turn

%: no passive effects
@: healing quickly
A: alive, fangs 3, see invisible, vampiric 2
a: Exsanguinate, Renounce Religion


You were on level 8 of the Dungeon.
You worshipped Wu Jian.
Wu Jian was aware of your devotion.
You visited 2 branches of the dungeon, and saw 9 of its levels.
You also visited: Sewer.

You collected 265 gold pieces.
You spent 210 gold pieces at shops.

Inventory:

Hand Weapons
 a - a +1 dagger of electrocution (weapon)
 b - a +1 dagger of venom
 g - a +1 dagger
Missiles
 e - 5 boomerangs (quivered)
 h - 8 curare-tipped darts
 q - 7 poisoned darts
Armour
 f - a +2 helmet (worn)
 w - a +3 leather armour of fire resistance (worn)
 G - a +0 cloak (worn)
Magical Staves
 l - a staff of conjuration
 y - a staff of poison
Jewellery
 s - a ring of protection from fire (left hand)
Wands
 o - a wand of flame (16)
 B - a wand of digging (1)
 C - a wand of mindburst (11)
 E - a wand of polymorph (6)
Scrolls
 z - a scroll of enchant armour
 A - a scroll of fear
 F - 2 scrolls of immolation
 H - a scroll of vulnerability
Potions
 c - 3 potions of invisibility
 d - 3 potions of curing
 i - a potion of mutation
 j - 5 potions of magic
 k - a potion of berserk rage
 m - a potion of ambrosia
 p - 2 potions of lignification {unknown}
 r - 3 potions of enlightenment
 t - 4 potions of heal wounds
 u - 2 potions of haste {unknown}
 v - 2 potions of might {unknown}
 x - 3 potions of attraction
 D - a potion of experience {unknown}


   Skills:
 * Level 6.2 Fighting
 - Level 10.0 Short Blades
 + Level 0.4 Armour
 + Level 4.1 Dodging
 + Level 10.1 Stealth
 + Level 5.1 Spellcasting
 * Level 0.9 Conjurations
 * Level 8.3 Hexes
 + Level 0.8 Ice Magic
 * Level 1.2 Evocations


You had 8 spell levels left.
You knew the following spells:

 Your Spells              Type           Power      Damage    Failure   Level
a - Ensorcelled Hibernat  Hex/Ice        50%        N/A       3%          2
b - Confusing Touch       Hex            42%        N/A       1%          3
c - Tukima's Dance        Hex            42%        N/A       1%          3
d - Dazzling Flash        Conj/Hex       52%        N/A       6%          3

Your spell library contained the following spells:

 Spells                   Type           Power      Damage    Failure   Level
 Inner Flame              Hex/Fire       24%        N/A       8%          3
 Sublimation of Blood     Necr           5%         N/A       22%         2
 Flame Wave               Conj/Fire      7%         2d5       75%         4
 Sticky Flame             Conj/Fire      7%         2d3       75%         4
 Petrify                  Tmut/Erth      5%         N/A       82%         4
 Irradiate                Conj/Tmut      3%         3d12      97%         5


Dungeon Overview and Level Annotations

Branches:
Dungeon (8/15)             Temple (1/1) D:6           Sewer (visited)
   Lair: D:8-11

Altars:
Ashenzari
Cheibriados
Dithmenos
Fedhas
Gozag
Hepliaklqana
Kikubaaqudgha
Makhleb
Nemelex Xobeh
Okawaru
Qazlal
Ru
Sif Muna
Trog
Uskayaw
Vehumet
Wu Jian
Xom

Shops:
D:3 :   D:4 [   D:5 (   D:7 *

Annotations:
D:8 Amaemon


Innate Abilities, Weirdness & Mutations

Your natural rate of healing is accelerated.
You have razor-sharp teeth.
You have supernaturally acute eyesight. (SInv)
You are afflicted with vampirism and can become a bat while bloodless.


Message History

The orc priest begins to cast a cantrip, but forgets the words!
An orc comes into view. It is wielding a +0 dagger.
The orc warrior hits you but does no damage.
The warg misses you.
The killer bee stings you but does no damage.
Unknown command.
You spin and attack the orc wizard repeatedly.
You completely miss the orc wizard.
The killer bee buzzes angrily.
You hit the orc wizard.
The orc wizard is lightly wounded.
You spin and attack the warg repeatedly.
You closely miss the warg. Your punch misses the warg.
The warg is lightly wounded.
You hit the warg but do no damage.
The warg is lightly wounded.
You spin and attack the orc warrior repeatedly.
You hit the orc warrior but do no damage.
Lightning courses through the orc warrior!!
The orc warrior is severely wounded.
You hit the orc warrior but do no damage.
The orc warrior is severely wounded.
The warg closely misses you.
The orc priest mumbles some strange prayers to Beogh against you.
Beogh smites you!
* * * LOW HITPOINT WARNING * * *
The orc warrior barely misses you. The orc wizard closely misses you.
The killer bee stings you but does no damage.
Unknown command.
A wight comes into view. It is wielding a +3 battleaxe.
You spin and attack the warg repeatedly.
You hit the warg but do no damage. Lightning courses through the warg!!
The warg is heavily wounded.
You barely miss the warg. Your bite misses the warg.
The warg is heavily wounded.
The warg bites you.
* * * LOW HITPOINT WARNING * * *
A wight comes into view. It is wielding a +3 flail.
The orc warrior hits you from afar with a +0 halberd!
You die...

.o.... #....o....# .y....
.........# .oo..
.........## #..#
#####.....#
#..###o.##..#### .
#....oo>.....#
z..###.o.o#.......#
....o..hy.#.......#
z.....:@..#4......#
.........##......## ##+
...##....##......##
..#######....##.......#
.....................#
....?...............#
o.o................#
#o.###..####.############
########o## #
####.##...##..#..


You could see a warg, an orc warrior, a killer bee, 2 wights, an orc priest, 3
orc wizards and 3 orcs.

Vanquished Creatures
  Pikel (D:7)
  Maurice (D:8)
  Maggie (D:7)
  Prince Ribbit (D:6)
  Grinder (D:5)
  Menkaure (D:7)
  A warg (D:8)
  Duvessa (D:5)
  3 water moccasins
  2 ice beasts
  An orc warrior (D:7)
  A black bear (D:5)
  A lemure (D:7)
  A centaur (D:7)
  2 kobold brigands (Sewer)
  3 phantoms
  3 bullfrogs
  3 necrophages (D:4)
  A water moccasin zombie (D:4)
  3 scorpions
  Dowan (D:5)
  10 killer bees
  2 howler monkeys
  2 jellies
  A centaur zombie (D:4)
  A bullfrog zombie (D:4)
  A human zombie (D:4)
  5 orc priests
  3 iguanas
  2 sleepcaps
  Natasha (thrice) (D:2)
  2 orc wizards (D:7)
  A hound zombie (D:4)
  A mummy (D:4)
  Robin (D:2)
  A howler monkey zombie (D:4)
  3 gnolls (D:5)
  15 adders
  6 river rats
  2 ufetubi
  An adder zombie (D:4)
  2 worms
  5 dart slugs
  16 orcs
  7 bats
  7 endoplasms
  A giant cockroach (D:2)
  17 goblins
  11 hobgoblins
  3 jackals
  5 quokkas
  8 ball pythons
  5 frilled lizards
  22 kobolds
  A quokka zombie (D:4)
  31 rats
237 creatures vanquished.

Notes
Turn   | Place    | Note
-------+----------+-------------------------------------------
     0 | D:1      | tilp the Vampire Enchanter began the quest for the Orb.
     0 | D:1      | Reached XP level 1. HP: 13/13 MP: 3/3
   172 | D:1      | Reached XP level 2. HP: 20/20 MP: 5/5
   215 | D:1      | Learned a level 2 spell: Ensorcelled Hibernation
   295 | D:1      | Reached skill level 1 in Fighting
   339 | D:1      | Gained mutation: You are afflicted with vampirism and can
                  | become a bat while bloodless. [Vampire growth]
   339 | D:1      | Reached XP level 3. HP: 25/26 MP: 6/6
   806 | D:2      | Found a blossoming altar of Fedhas.
   831 | D:2      | Noticed Robin
  1174 | D:1      | Learned a level 3 spell: Confusing Touch
  1203 | D:2      | Reached skill level 5 in Hexes
  1203 | D:2      | Reached XP level 4. HP: 33/33 MP: 2/7
  1274 | D:1      | Reached skill level 5 in Stealth
  1339 | D:2      | Killed Robin
  1512 | D:2      | Noticed Natasha
  1524 | D:2      | Killed Natasha
  1525 | D:2      | Reached XP level 5. HP: 28/38 MP: 8/8
  1714 | D:2      | Noticed Natasha
  1724 | D:2      | Killed Natasha
  1882 | D:2      | Found a blossoming altar of Fedhas.
  1890 | D:2      | Noticed Natasha
  1896 | D:2      | Killed Natasha
  2004 | D:3      | Learned a level 3 spell: Tukima's Dance
  2272 | D:3      | Found a broken altar of Ashenzari.
  2323 | D:3      | Found Xachuqi's Book Emporium.
  2561 | D:3      | Reached XP level 6. HP: 46/46 MP: 6/9
  2638 | D:4      | Found a snail-covered altar of Cheibriados.
  2795 | D:4      | Found a glowing drain.
  2821 | Sewer    | Entered a sewer
  2881 | Sewer    | Reached XP level 7. HP: 50/52 MP: 4/11
  4091 | D:4      | Found Hapy's Antique Armour Boutique.
  4098 | D:4      | Bought a runed leather armour for 105 gold pieces
  4368 | D:4      | Found a sacrificial altar of Ru.
  4427 | D:4      | Found an ancient bone altar of Kikubaaqudgha.
  4446 | D:4      | Reached skill level 5 in Short Blades
  4450 | D:4      | Reached XP level 8. HP: 60/60 MP: 13/13
  4711 | D:4      | Learned a level 3 spell: Dazzling Flash
  4729 | D:5      | Entered Level 5 of the Dungeon
  4729 | D:5      | Noticed Duvessa
  4729 | D:5      | Noticed Dowan
  4742 | D:5      | Killed Duvessa
  4834 | D:5      | Killed Dowan
  5278 | D:5      | Reached skill level 5 in Fighting
  5415 | D:5      | Noticed Grinder
  5421 | D:5      | Killed Grinder
  5530 | D:5      | Found Ziuwnesch's Weapon Boutique.
  5649 | D:5      | Reached XP level 9. HP: 68/68 MP: 15/15
  5785 | D:6      | Noticed Prince Ribbit
  5807 | D:6      | Killed Prince Ribbit
  6181 | D:6      | Found a staircase to the Ecumenical Temple.
  6203 | Temple   | Found a transporter.
  6203 | Temple   | Found a transporter.
  6203 | Temple   | Found a transporter.
  6203 | Temple   | Found a transporter.
  6203 | Temple   | Entered the Ecumenical Temple
  6218 | Temple   | Became a worshipper of the Wu Jian Council
  7119 | D:7      | Noticed Menkaure
  7124 | D:7      | Killed Menkaure
  7125 | D:7      | Reached skill level 5 in Spellcasting
  7157 | D:7      | Noticed Maggie
  7169 | D:7      | Killed Maggie
  7169 | D:7      | Reached * piety under Wu Jian
  7288 | D:7      | Noticed Pikel
  7304 | D:7      | Killed Pikel
  7305 | D:7      | Reached skill level 10 in Stealth
  7385 | D:7      | Found Woprahan's Assorted Antiques.
  7388 | D:7      | Bought 3 scrolls labelled XIQIEF QODATT for 81 gold pieces
  7388 | D:7      | Bought a viscous black potion for 24 gold pieces
  7458 | D:7      | Reached XP level 10. HP: 76/76 MP: 14/17
  7626 | D:7      | Found a burning altar of Makhleb.
  7629 | D:7      | Found an opulent altar of Gozag.
  7634 | D:7      | Found a stormy altar of Qazlal.
  7677 | D:8      | Noticed Maurice
  7685 | D:8      | Killed Maurice
  7686 | D:8      | Reached skill level 10 in Short Blades
  7879 | D:8      | Noticed Amaemon
  7885 | D:8      | Noticed an orange demon
  7978 | D:8      | Reached skill level 1 in Evocations
  8020 | D:8      | Slain by an orc warrior

Illustrated notes

Levels and vault maps discovered:
D:1:      heliophobic_arrival_dark_side_of_the_moon, layout_basic,
          minmay_3d_cube
D:2:      minmay_general_purpose_star, layout_rooms, basic_altar, uniq_natasha,
          uniq_robin
D:3:      layout_rooms, lemuel_tele_altar, serial_shops,
          nicolae_shop_statue_plus
D:4:      layout_loops_corners, lemuel_mausoleum_altar_kikubaaqudgha,
          chequers_temple_overflow_statue_of_worship, serial_shops, shop,
          portal_sewer_entry_a, serial_forest, infiniplex_forest_side_room,
          infiniplex_forest_corner_1, infiniplex_forest_end_2,
          infiniplex_forest_clump_cross, infiniplex_forest_clump_C,
          infiniplex_forest_lined_3, infiniplex_forest_clump_small
D:5:      layout_loops_corners, serial_shops, shop, uniq_duvessa, uniq_grinder
D:6:      layout_basic, minmay_temple_entry_mist, uniq_prince_ribbit1
D:7:      layout_loops_ring, grunt_temple_overflow_diamond, serial_shops,
          nicolae_shop_behind_doors, uniq_pikel, uniq_maggie, uniq_menkaure
D:8:      layout_gridville, erik_lair_orcish_takeover,
          nicolae_ossuary_entry_giza, nrook_uturn, uniq_maurice, uniq_grum,
          uniq_amaemon
Temple:   hellmonk_temple_divided_pantheon

Skill      XL: |  1  2  3  4  5  6  7  8  9 10 |
---------------+-------------------------------+-----
Fighting       | 1 2 3 4 5 6 |  6.2
Short Blades   | 2 3 4 5 6 9 10 | 10.0
Hexes          | 5 6 7 8 |  8.3
Stealth        | 5 6 8 10 | 10.1
Dodging        | 3 4 |  4.1
Spellcasting   | 3 4 5 |  5.1
Evocations     | 1 |  1.2
Armour         | |  0.4
Conjurations   | |  0.9
Ice Magic      | |  0.8

Action                     |  1- 3 |  4- 6 |  7- 9 | 10-12 || total
---------------------------+-------+-------+-------+-------++-------
  Melee: Dagger            |   134 |   170 |   296 |    56 ||   656
         Bite              |    10 |    22 |    22 |     4 ||    58
         Punch             |       |     2 |     3 |     1 ||     6
  Throw: Boomerang         |     1 |       |       |       ||     1
   Cast: Ensorcelled Hiber |     4 |    22 |    58 |    20 ||   104
         Confusing Touch   |       |     2 |     7 |     1 ||    10
         Tukima's Dance    |       |       |     3 |       ||     3
Ability: Lunge             |       |       |     7 |     5 ||    12
         Whirlwind         |       |       |       |    15 ||    15
  Evoke: Wand              |       |       |       |     1 ||     1
    Use: Scroll            |     4 |     6 |    10 |     2 ||    22
         Potion            |       |       |       |     1 ||     1
   Stab: Sleeping          |    12 |    18 |    51 |    12 ||    93
         Distracted        |     1 |       |       |     2 ||     3
         Confused          |       |     1 |     9 |       ||    10
 Armour: Robe              |    59 |    86 |    85 |       ||   230
         Leather armour    |       |       |    60 |    50 ||   110
  Dodge: Dodged            |    74 |    98 |   159 |    70 ||   401

Table legend: (Time is in decaauts)
 A = Elapsed time spent in this place.
 B = Non-inter-level travel time spent in this place.
 C = Inter-level travel time spent in this place.
 D = Time resting spent in this place.
 E = Time spent auto-exploring this place.
 F = Levels seen in this place.
 G = Mean time per level.
                   A        B        C        D        E       F      G
               +--------+--------+--------+--------+--------+-----+--------+
         Total |   7915 |   7682 |    233 |    727 |   5119 |  10 |  791.5 |
       Dungeon |   7022 |   6796 |    226 |    679 |   4583 |   8 |  877.8 |
        Temple |     36 |     29 |      7 |      0 |      0 |   1 |   36.0 |
         Sewer |    855 |    855 |      0 |     48 |    535 |   1 |  855.0 |
               +--------+--------+--------+--------+--------+-----+--------+

Top non-repeatable levels by time:
     D:4: 1284 daAuts
     D:1: 1082 daAuts
     D:7: 1001 daAuts
     D:6: 961 daAuts
     D:5: 949 daAuts
   Sewer: 855 daAuts
     D:2: 835 daAuts
     D:3: 692 daAuts
     D:8: 217 daAuts
  Temple: 36 daAuts
